 Dungeon Crawl Stone Soup version 0.27-a0-705-ga0013940fb (webtiles) character file.

Game seed: 6665151616067981754

101 wakim the Ruffian (level 4, -1/38 HPs)
             Began as a Ghoul Gladiator on Mar 22, 2021.
             Shot with an arrow by a centaur (10 damage)
             ... on level 3 of the Dungeon.
             The game lasted 00:03:36 (1887 turns).

wakim the Ruffian (Ghoul Gladiator)                 Turns: 1887, Time: 00:03:36

Health: -1/38      AC:  4    Str: 17    XL:     4   Next: 75%
Magic:  3/3        EV: 12    Int:  4    God:
Gold:   65         SH:  0    Dex: 10    Spells: 3/3 levels left

rFire    . . .     SeeInvis .     - Unarmed
rCold    + . .     Faith    .   (no shield)
rNeg     + + +     Spirit   .   a - +0 leather armour
rPois    ∞         Reflect  .   b - +0 helmet
rElec    .         Harm     .   (no cloak)
rCorr    .         Rampage  .   (no gloves)
Will     .....                  (no boots)
Stlth    +.........             (no amulet)
HPRegen  0.00/turn              (no ring)
MPRegen  0.08/turn              (no ring)

@: no status effects
A: claws 1, cold resistance 1, negative energy resistance 3, inhibited
regeneration, torment resistance 2, unbreathing 1
a: no special abilities


You were on level 3 of the Dungeon.
You visited 1 branch of the dungeon, and saw 3 of its levels.

You collected 65 gold pieces.

Inventory:

Missiles
 c - 3 throwing nets (quivered)
Armour
 a - a +0 leather armour (worn)
 b - a +0 helmet (worn)
Magical Staves
 k - a staff of death
Potions
 d - a potion of brilliance {unknown}
 g - a potion of might {unknown}
 i - a potion of curing {unknown}
 j - a potion of degeneration {unknown}
 A - a potion of attraction
 H - a potion of haste
 N - 2 potions of heal wounds {@q2}


   Skills:
 + Level 3.0 Fighting
 + Level 2.4 Throwing
 + Level 3.2 Dodging
 * Level 4.5 Unarmed Combat


You had 3 spell levels left.
You didn't know any spells.
Your spell library contained the following spells:

 Spells                   Type           Power      Damage    Failure   Level
 Animate Skeleton         Necr           0%         N/A       56%         1
 Apportation              Tloc           0%         N/A       56%         1
 Corona                   Hex            0%         N/A       56%         1
 Summon Small Mammal      Summ           0%         N/A       56%         1


Dungeon Overview and Level Annotations

Branches:
Dungeon (3/15)

Altars:


Innate Abilities, Weirdness & Mutations

You thrive by killing the living.
You are immune to poison.
You have sharp fingernails.
Your flesh is cold resistant. (rC+)
You are immune to negative energy. (rN+++)
You do not regenerate when monsters are visible.
You are immune to unholy pain and torment.
You can survive without breathing.


Message History

The adder is almost dead.
The adder bites you.
You barely miss the adder.
The adder is almost dead.
The adder bites you.
You scratch the adder but do no damage.
The adder is almost dead.
You claw the adder!
You kill the adder!
You feel better.
Your Fighting skill increases to level 3!
You see here an adder corpse.
You see here a +0 hunting sling.
You see here a +0 hunting sling.
You now have 65 gold pieces (gained 8).
e - a scroll labelled ALIZUE AQUNA Done exploring.
As you read the scroll labelled ALIZUE AQUNA, it crumbles to dust.
You feel strangely unstable.
It was a scroll of teleportation.
Your surroundings suddenly seem different.
Done exploring.
There is an escape hatch in the ceiling here.
There is a stone staircase leading down here.
Search for what [? for help]? armour
Okay, then.
You climb downwards.
There is a stone staircase leading up here.
A centaur comes into view.
The centaur shouts!
The centaur wields a +0 shortbow.
The centaur shoots an arrow.
The arrow hits you!
The centaur shoots an arrow.
The arrow hits you!
* * * LOW HITPOINT WARNING * * *
The centaur shoots an arrow.
The arrow hits you!
* * * LOW HITPOINT WARNING * * *
The centaur shoots an arrow.
There is a stone staircase leading up here.
The centaur shoots an arrow.
The arrow hits you!
You die...

##. .. ###....
...# #####....#
.....##.....#
#....####....#
#.####......c....
#....@.####....#.
#..##### ## #


You could see a centaur.

Vanquished Creatures
  4 adders (D:2)
  A white imp (D:2)
  3 worms (D:2)
  A dart slug (D:2)
  5 ball pythons
  3 bats
  A giant cockroach (D:1)
  7 goblins
  2 hobgoblins (D:2)
  2 kobolds
  6 oozes
  2 quokkas (D:2)
  5 frilled lizards
  4 rats (D:1)
46 creatures vanquished.

Vanquished Creatures (others)
  2 plants (D:2)
2 creatures vanquished.

Grand Total: 48 creatures vanquished

Notes
Turn   | Place    | Note
-------+----------+-------------------------------------------
     0 | D:1      | wakim the Ghoul Gladiator began the quest for the Orb.
     0 | D:1      | Reached XP level 1. HP: 17/17 MP: 0/0
   123 | D:1      | Reached XP level 2. HP: 25/25 MP: 1/1
   558 | D:1      | Reached XP level 3. HP: 30/30 MP: 2/2
   843 | D:2      | Reached skill level 4 in Unarmed Combat
  1088 | D:2      | Reached XP level 4. HP: 22/37 MP: 3/3
  1881 | D:3      | Noticed a centaur
  1887 | D:3      | Shot with an arrow by a centaur

Illustrated notes

Levels and vault maps discovered:
D:1:      arrival_zaba_pyramid, layout_rooms
D:2:      layout_basic, chequers_serial_rivers_micro_e, corexii_shack
D:3:      layout_rooms, uniq_robin

Skill      XL: |  1  2  3  4 |
---------------+-------------+-----
Throwing       | 2 |  2.4
Dodging        | 3 |  3.2
Unarmed Combat | 4 |  4.5
Fighting       | 3 |  3.0

Action                   |  1- 3 |  4- 6 || total
-------------------------+-------+-------++-------
Melee: Unarmed           |   115 |    54 ||   169
       Punch             |     1 |     2 ||     3
  Use: Scroll            |       |     4 ||     4
Armor: Leather armour    |    19 |    11 ||    30
Dodge: Dodged            |    65 |    32 ||    97

Table legend: (Time is in decaauts)
 A = Elapsed time spent in this place.
 B = Non-inter-level travel time spent in this place.
 C = Inter-level travel time spent in this place.
 D = Time resting spent in this place.
 E = Time spent auto-exploring this place.
 F = Levels seen in this place.
 G = Mean time per level.
                   A        B        C        D        E       F      G
               +--------+--------+--------+--------+--------+-----+--------+
         Total |   1874 |   1821 |     53 |      0 |   1514 |   3 |  624.7 |
       Dungeon |   1874 |   1821 |     53 |      0 |   1514 |   3 |  624.7 |
               +--------+--------+--------+--------+--------+-----+--------+

Top non-repeatable levels by time:
     D:2: 1268 daAuts
     D:1: 593 daAuts
     D:3: 11 daAuts
